[Event "Late-Titled-Tuesday-Blitz-May-14-2024"]
[Site "Chess.com"]
[Date "2024.05.14"]
[Round "5"]
[White "HandKnit"]
[Black "Flaccidmoves"]
[Result "1-0"]
[WhiteElo "2504"]
[BlackElo "2432"]
[TimeControl "180+1"]
[EndTime "14:55:33 PDT"]
[Termination "HandKnit won by resignation"]

1. c4 b6 2. Nc3 Bb7 3. e4 e5 4.
Nge2 Nc6 5. g3 Bc5 6. Bg2 Nf6 7. O-O O-O 8. d3 h6 9. h3 Nd4 10. Kh2 Re8 11. Nxd4 Bxd4 12. Bd2 Nh7 13. b4 a5 14. a3 axb4 15. axb4 Rxa1 16. Qxa1 Qa8 17. Qb2 c6 18.
Ra1 Qb8 19. Be1 d5 20. cxd5 cxd5 21. exd5 Nf6 22. Qb3 Rd8 23. Ra3 Bxc3 24. Bxc3 Bxd5 25. Bxd5 Nxd5 26. Qb2 Nxc3 27. Qxc3 Qd6 28. Qc4 Qd5 29. Qc7 b5 30. h4 Rd7 31. Ra8+ Qxa8 32. Qxd7 Qf3 33.
Kg1 Kh7 34. Qxb5 f6 35. Qc4 Qd1+ 36. Kg2 f5 37. Qd5 Qe2 38. b5 e4 39. Qxf5+ Kg8 40. Qe6+ Kh8 41. Qe8+ Kh7 42. Qxe4+ 1-0

[Event "Late-Titled-Tuesday-Blitz-May-14-2024"]
[Site "Chess.com"]
[Date "2024.05.14"]
[Round "5"]
[White "jinbojinbo"]
[Black "Anton_Demchenko"]
[Result "1-0"]
[WhiteElo "2646"]
[BlackElo "2861"]
[TimeControl "180+1"]
[EndTime "14:55:35 PDT"]
[Termination "jinbojinbo won on time"]

1. e4 e5 2. Nf3 Nc6 3. Bb5 a6 4. Ba4 Nge7 5. O-O Ng6 6. c3 d6 7.
d4 Bd7 8. Re1 Be7 9. Be3 O-O 10.
Nbd2 b5 11. Bc2 exd4 12. cxd4 Nb4 13. Bb1 c5 14. d5 a5 15. Nf1 Bf6 16. Qd2 Bg4 17.
Ng3 Bxf3 18. gxf3 Nh4 19. Qe2 c4 20. Kh1 c3 21. b3 c2 22. Bxc2 Bxa1 23. Rxa1 Nxc2 24.
Qxc2 Qf6 25. Qd1 Nxf3 26. Nf5 Qe5 27. Kg2 Nh4+ 28. Nxh4 Qxe4+ 29. Nf3 Rac8 30. Qd4 Rfe8 31. Qxe4 Rxe4 32. Nd4 Rc5 33. a4 b4 34. Kf3 Re8 35. Nc6 Rxd5 36. Rc1 g6 37. Rc4 f5 38. Rd4 Rxd4 39. Bxd4 Kf7 40. Nxa5 Ke6 41. Nc4 1-0

[Event "Late-Titled-Tuesday-Blitz-May-14-2024"]
[Site "Chess.com"]
[Date "2024.05.14"]
[Round "5"]
[White "Durarbayli"]
[Black "Hamisandwich"]
[Result "1-0"]
[WhiteElo "2962"]
[BlackElo "2750"]
[TimeControl "180+1"]
[EndTime "14:55:36 PDT"]
[Termination "Durarbayli won by resignation"]

1. e4 c6 2. d4 a6 3. c4 d5 4.
exd5 cxd5 5. Nc3 Nf6 6. Bg5 Nbd7 7. Nf3 dxc4 8. Bxc4 b5 9. Bb3 Bb7 10. O-O b4 11.
Na4 e6 12. d5 Bxd5 13. Bxd5 exd5 14. Nd4 Bd6 15. Nf5 Qb8 16. Nxg7+ Kf8 17. Bh6 Bxh2+ 18. Kh1 Be5 19. Nf5+ Ke8 20. Re1 Kd8 21. Bg5 Rg8 22. Bh4 d4 23. Qf3 Rg6 24. Rac1 Ra7 25. Nc5 Qa8 26.
Qxa8+ Rxa8 27. Nxd7 Kxd7 28. Rxe5 Ng4 29. Re7+ Kd8 30.
Re4+ Kd7 31. Re7+ Kd8 32. Rcc7 f6 33. Rxh7 Rc8 34. Rcd7+ Ke8 35. Nd6+ Kf8 36. Rh8+ Rg8 37. Rxg8+ Kxg8 38. Nxc8 1-0

[Event "Late-Titled-Tuesday-Blitz-May-14-2024"]
[Site "Chess.com"]
[Date "2024.05.14"]
[Round "5"]
[White "NCchamp"]
[Black "zverr1"]
[Result "1-0"]
[WhiteElo "2317"]
[BlackElo "2459"]
[TimeControl "180+1"]
[EndTime "14:55:36 PDT"]
[Termination "NCchamp won by resignation"]

1. d4 Nf6 2. Bg5 d5 3. e3 c5 4. Nd2 Nc6 5. c3 e6 6. Bd3 e5 7. Bb5 Qc7 8. dxe5 Qxe5 9. Ngf3 Qf5 10. O-O Be7 11. Re1 O-O 12. Qa4 Bd7 13. Qd1 a6 14. Be2 h6 15. Bh4 Rfe8 16. Nb3 Bd6 17. Bd3 Ne4 18. Nbd2 Re6 19. c4 Rae8 20. cxd5 Qxd5 21.
Nxe4 Bb8 22. Nf6+ gxf6 23. Bh7+ Kxh7 24. Qxd5 Rd6 25. Qh5 Re7 26. Rad1 Ne5 27. Nxe5 Rxe5 28.
Qf3 Rf5 29. Qe2 Bb5 30. Qc2 Rd5 31. Rxd5 Kg7 32. Qxf5 1-0

[Event "Late-Titled-Tuesday-Blitz-May-14-2024"]
[Site "Chess.com"]
[Date "2024.05.14"]
[Round "5"]
[White "lamomiajunior"]
[Black "larsmandreassen"]
[Result "1-0"]
[WhiteElo "2787"]
[BlackElo "2279"]
[TimeControl "180+1"]
[EndTime "14:55:37 PDT"]
[Termination "lamomiajunior won on time"]

1. d4 d5 2. Nc3 Nf6 3. Bf4 c6 4. e3 Bf5 5. f3 h6 6. Bd3 Bxd3 7.
Qxd3 Nbd7 8. Nge2 g5 9. Bg3 Bg7 10. e4 e6 11. O-O-O Qa5 12. h4 g4 13. e5 gxf3 14.
Qxf3 Ne4 15. Nxe4 dxe4 16. Qxe4 Qxa2 17. Nc3 Qa1+ 18. Kd2 Qa5 19. Rhf1 h5 20. Kc1 Qa1+ 21. Nb1 Bh6+ 22. Bf4 Bxf4+ 23. Rxf4 Nb6 24. Qf3 Rf8 25.
Rf1 O-O-O 26. Rxf7 Rxf7 27. Qxf7 Kb8 28. Qxe6 a5 29. Qe7 Rxd4 30. e6 Na4 31. Rf8+ Ka7 32. Qa3 Qxa3 33. Nxa3 Re4 34. Re8 Nc5 35. e7 b5 36. c3 Kb7 37. Nc2 Kc7 38. Nd4 Kd7 39. Rh8 Kxe7 40. Nxc6+ Kd6 41. Nd4 Nd3+ 42. Kc2 1-0

[Event "Late-Titled-Tuesday-Blitz-May-14-2024"]
[Site "Chess.com"]
[Date "2024.05.14"]
[Round "5"]
[White "VictorFcQNK"]
[Black "Kozok"]
[Result "1-0"]
[WhiteElo "2140"]
[BlackElo "2348"]
[TimeControl "180+1"]
[EndTime "14:55:37 PDT"]
[Termination "VictorFcQNK won on time"]

1. d4 Nf6 2. Nf3 e6 3. e3 c5 4. Bd3 d5 5. c3 Nc6 6. Nbd2 Bd6 7.
Qe2 Qc7 8. O-O Bd7 9. dxc5 Bxc5 10. e4 O-O-O 11. b4 Bb6 12. a4 dxe4 13. Nxe4 Nxe4 14. Bxe4 Qd6 15. Rd1 Qe7 16. a5 Bc7 17. Be3 Kb8 18. Bc5 Qf6 19. Qc4 g5 20. a6 g4 21. axb7 gxf3 22. Bxc6 Bxh2+ 23. Kxh2 Qe5+ 24. g3 Bxc6 25. Bxa7+ Kc7 26. Bb6+ Kxb6 27. Ra6+ Kxb7 28. Qxc6+ Kb8 29. Rb6+ 1-0

[Event "Late-Titled-Tuesday-Blitz-May-14-2024"]
[Site "Chess.com"]
[Date "2024.05.14"]
[Round "5"]
[White "urano56"]
[Black "annasargsyan_m"]
[Result "0-1"]
[WhiteElo "2429"]
[BlackElo "2599"]
[TimeControl "180+1"]
[EndTime "14:55:40 PDT"]
[Termination "annasargsyan_m won by resignation"]

1. e4 c6 2. d4 d5 3. f3 dxe4 4. fxe4 e5 5. Nf3 Bg4 6. Bc4 Nd7 7. O-O Ngf6 8. c3 Bd6 9. Be3 O-O 10. Nbd2 Qc7 11. Qe1 Rae8 12. Bd3 Bh5 13. Qh4 Bg6 14. Rae1 b5 15. Kh1 a5 16. dxe5 Nxe5 17. Nxe5 Bxe5 18.
Nf3 Nxe4 19. Bxe4 Bxe4 20. Qxe4 Bxc3 21. Qc2 Bxe1 22. Rxe1 Qd7 23. Bf2 Rxe1+ 24. Nxe1 Re8 25. Nf3 Qd5 26. h3 h6 27. a3 Re4 28. Qc5 Qd1+ 29.
Kh2 Re2 30. Bd4 Qc2 31. Qxc2 Rxc2 32. Bc3 c5 33. Bxa5 Rxb2 34. Bb6 c4 35. Bc5 c3 36. Bd4 Rb3 37. Ne1 Rxa3 38. Kg3 c2+ 0-1

[Event "Late-Titled-Tuesday-Blitz-May-14-2024"]
[Site "Chess.com"]
[Date "2024.05.14"]
[Round "5"]
[White "oskariot"]
[Black "Jospem"]
[Result "0-1"]
[WhiteElo "2785"]
[BlackElo "3029"]
[TimeControl "180+1"]
[EndTime "14:55:42 PDT"]
[Termination "Jospem won on time"]

1. e4 c5 2. Nf3 d6 3. d4 cxd4 4. Nxd4 Nf6 5. Nc3 a6 6. h4 Nc6 7.
h5 e5 8. Nxc6 bxc6 9. h6 g6 10.
Bc4 Be7 11. Bg5 Be6 12. Bxe6 fxe6 13. Bxf6 Bxf6 14. Qg4 Ke7 15. O-O-O Rb8 16. b3 Qa5 17. Rd3 d5 18. Kb1 d4 19. Nd1 c5 20. Nb2 Rb4 21. c3 Rb7 22. Nc4 Qa4 23. Nb2 Qb5 24. c4 Qc6 25.
Rf3 Rf8 26. Ka1 a5 27. Rd1 Rb4 28. Nd3 Rbb8 29. Rxf6 Rxf6 30. Nxe5 Qb7 31. Qg5 Qxe4 32. Nd7 Kxd7 33. Qxf6 Re8 34. Qg7+ Re7 35. Qf8 Qe2 36. Rb1 Qe5 37. Qa8 d3+ 38. Rb2 d2 39. Qf3 Kc7 40.
Qd1 Rd7 41. Kb1 Qe4+ 42. Rc2 Qe1 0-1

[Event "Late-Titled-Tuesday-Blitz-May-14-2024"]
[Site "Chess.com"]
[Date "2024.05.14"]
[Round "5"]
[White "Redzishchess"]
[Black "MarceloPlaya"]
[Result "1-0"]
[WhiteElo "2495"]
[BlackElo "2323"]
[TimeControl "180+1"]
[EndTime "14:55:43 PDT"]
[Termination "Redzishchess won on time"]

1. d4 e6 2. c4 Nf6 3. g3 Bb4+ 4. Nd2 O-O 5. Nf3 d5 6. Qc2 Qe7 7. Bg2 Rd8 8. O-O c6 9. e4 dxe4 10. Nxe4 Nxe4 11. Qxe4 Nd7 12. Bf4 Nf6 13. Qe2 Bd6 14. Ne5 Bxe5 15. dxe5 Ne8 16. Rfd1 Bd7 17. h4 h6 18. Be4 f5 19. exf6 Nxf6 20. Bc7 Rdc8 21. Bd6 Qf7 22. Bc2 Re8 23. Be5 Rad8 24. Rd2 Bc8 25.
Rad1 Rd7 26. Rxd7 Nxd7 27. Qe4 Nf8 28. Rd3 Qe7 29. Bd6 Qf7 30. Rf3 Qd7 31. Bxf8 1-0

[Event "Late-Titled-Tuesday-Blitz-May-14-2024"]
[Site "Chess.com"]
[Date "2024.05.14"]
[Round "5"]
[White "giovannibrandao7"]
[Black "Licancabur"]
[Result "0-1"]
[WhiteElo "2318"]
[BlackElo "2492"]
[TimeControl "180+1"]
[EndTime "14:55:44 PDT"]
[Termination "Licancabur won by resignation"]

1. e4 Nf6 2. e5 Nd5 3. d4 d6 4. Nf3 g6 5. exd6 cxd6 6. c3 Bg7 7. Be2 O-O 8. O-O Nc6 9. Bg5 h6 10. Bh4 g5 11. Bg3 f5 12. Bc4 Be6 13. b4 f4 14.
Qb3 Rf5 15. Nbd2 fxg3 16. fxg3 Bf7 17. g4 b5 18. Bxb5 Ne3 19. Qa4 Rxb5 20. Qxb5 Nxf1 21. Qxc6 Nxd2 22. Nxd2 Rc8 23. Qf3 Qc7 24. Rf1 Rf8 25. Qd3 Qd7 26. a3 Qxg4 27. Rf3 Qe6 28. h3 Bg6 29.
Qf1 Rxf3 30. Nxf3 Qe3+ 31. Kh2 Qxc3 32. Qa6 Qc7 33. Qd3 Bxd3 0-1

[Event "Late-Titled-Tuesday-Blitz-May-14-2024"]
[Site "Chess.com"]
[Date "2024.05.14"]
[Round "5"]
[White "Polish_fighter3000"]
[Black "emiliocordova"]
[Result "1-0"]
[WhiteElo "3106"]
[BlackElo "2903"]
[TimeControl "180+1"]
[EndTime "14:55:45 PDT"]
[Termination "Polish_fighter3000 won on time"]

1. c4 e5 2. Nc3 Nc6 3. Nf3 Bb4 4. Nd5 a5 5. a3 Be7 6. d4 exd4 7. Nxd4 Nf6 8. Nb5 Nxd5 9. cxd5 Na7 10. Nxa7 Rxa7 11. Qd4 Ra6 12. Qxg7 Bf6 13. Qg3 d6 14. e3 Rb6 15.
Bd3 h5 16. O-O h4 17. Qf4 Bd7 18. Rb1 Rg8 19. f3 Qe7 20. b4 axb4 21. axb4 Bg5 22. Qd4 f5 23. b5 Bf6 24. Qc4 Bc8 25. Rf2 Rg7 26. e4 Qe5 27. Bb2 Qe7 28. exf5 Kd8 29. Re2 Qf8 30. Rbe1 Bd7 31. Qa4 Bxb2 32. Qa8+ Bc8 33.
Re8+ Qxe8 34. Rxe8+ Kxe8 35. Qxc8+ 1-0

[Event "Late-Titled-Tuesday-Blitz-May-14-2024"]
[Site "Chess.com"]
[Date "2024.05.14"]
[Round "5"]
[White "PenguinPacks"]
[Black "aceontheturn"]
[Result "1-0"]
[WhiteElo "2539"]
[BlackElo "2798"]
[TimeControl "180+1"]
[EndTime "14:55:45 PDT"]
[Termination "PenguinPacks won by resignation"]

1. e4 e5 2. Nf3 Nc6 3. Bb5 a6 4. Ba4 d6 5. d4 Bd7 6. d5 Nce7 7. Bxd7+ Qxd7 8. c4 g6 9. Nc3 h6 10. b4 f5 11.
exf5 gxf5 12. a4 Bg7 13. O-O Nf6 14. a5 O-O 15. Nh4 c6 16. Na4 Rad8 17. Nb6 Qe8 18.
dxc6 Nxc6 19. Nxf5 Qg6 20. Nxg7 Kxg7 21. Ra3 Ne4 22.
Rh3 Rh8 23. f4 Rdf8 24. Nd5 h5 25. Bb2 Qg4 26. Qd3 Qf5 27. Ne3 Qh7 28. f5 Nf6 29. Qxd6 Rd8 30. Qc7+ Rd7 31. Qb6 Qh6 32. b5 Nd4 33.
Rg3+ Kh7 34. Bxd4 exd4 35. Nd1 Rg8 36. Rg6 Rxg6 37. fxg6+ Qxg6 38. Qxf6 Qxf6 39. Rxf6 axb5 40. cxb5 Rd5 41. Rb6 Re5 42. Kf2 1-0

[Event "Late-Titled-Tuesday-Blitz-May-14-2024"]
[Site "Chess.com"]
[Date "2024.05.14"]
[Round "5"]
[White "TigrVShlyape"]
[Black "Rital44"]
[Result "1-0"]
[WhiteElo "2949"]
[BlackElo "2705"]
[TimeControl "180+1"]
[EndTime "14:55:46 PDT"]
[Termination "TigrVShlyape won by resignation"]

1. e4 c5 2. Nf3 Nc6 3. d4 cxd4 4. Nxd4 e5 5. Nb5 Nf6 6. N1c3 h6 7. Nd6+ Bxd6 8. Qxd6 Qe7 9. Qxe7+ Kxe7 10. b3 d6 11. Ba3 a6 12. O-O-O Rd8 13. f3 b5 14. Bb2 Be6 15.
Kb1 Rac8 16. Bd3 h5 17. h4 Nb4 18. Be2 d5 19. exd5 Bf5 20. Ba3 a5 21. Kb2 Rxc3 22. Kxc3 Rc8+ 23. Kd2 Rxc2+ 24. Ke3 Rxa2 25. Bxb4+ axb4 26. d6+ Kd8 27. Bxb5 Rb2 28. Bc4 Kd7 29. Rd2 Rxd2 30. Kxd2 Bg6 31. Ra1 Kxd6 32. Ra5 e4 33. Ke3 exf3 34. gxf3 Nd7 35. Kd4 Nb8 36. Rd5+ Ke7 37.
Bb5 f6 38. Kc5 Bf7 39. Rd3 Be6 40. Kxb4 g5 41. Rd4 g4 42. fxg4 hxg4 43. h5 g3 44.
h6 Bf5 45. Rd2 Kf7 46. Rg2 Kg6 47. Rxg3+ Kxh6 48. Kc5 Nd7+ 49. Bxd7 Bxd7 50. b4 f5 51. Kd6 f4 52. Rf3 Bg4 53. Rxf4 Kg5 54. Rxg4+ Kxg4 55. b5 1-0

[Event "Late-Titled-Tuesday-Blitz-May-14-2024"]
[Site "Chess.com"]
[Date "2024.05.14"]
[Round "5"]
[White "Individoom"]
[Black "ChessSwole"]
[Result "0-1"]
[WhiteElo "2784"]
[BlackElo "2623"]
[TimeControl "180+1"]
[EndTime "14:55:46 PDT"]
[Termination "ChessSwole won by resignation"]

1. c4 c5 2. Nf3 Nf6 3. Nc3 Nc6 4. d4 cxd4 5. Nxd4 g6 6. Nf3 Bg7 7. e4 d6 8. h3 O-O 9. Be2 Be6 10. O-O a5 11. Be3 Nd7 12. Rc1 Nc5 13. Nd4 Qb6 14.
Nxe6 fxe6 15. Qd2 Qb4 16. f3 a4 17. Rc2 Qa5 18. Nb5 Qxd2 19. Rxd2 Nb4 20. Nc7 Nxa2 21. Nxa8 Rxa8 22. Bd1 Nb4 23. Bd4 Bh6 24. Re2 Nbd3 25. g3 Ra6 26. f4 Bg7 27. Bxg7 Kxg7 28. f5 e5 29. fxg6 hxg6 30. Kg2 Rb6 31. Rd2 Rxb2 32.
Rxb2 Nxb2 33. Bc2 Nxc4 34. Kf2 a3 35. Ra1 b5 36. Ke2 b4 37. Rb1 a2 38. Ra1 b3 39. Bxb3 Nxb3 40. Rxa2 Nc1+ 41. Kf3 Nxa2 0-1

[Event "Late-Titled-Tuesday-Blitz-May-14-2024"]
[Site "Chess.com"]
[Date "2024.05.14"]
[Round "5"]
[White "CarlosjPineror"]
[Black "DeArron_Fox"]
[Result "1-0"]
[WhiteElo "2743"]
[BlackElo "2560"]
[TimeControl "180+1"]
[EndTime "14:55:47 PDT"]
[Termination "CarlosjPineror won on time"]

1. e4 c5 2. Nf3 e6 3. g3 d5 4. exd5 exd5 5. Bb5+ Bd7 6. Qe2+ Be7 7. Nc3 Nf6 8. d4 O-O 9. Bxd7 Qxd7 10. O-O Nc6 11. Ne5 Nxd4 12. Nxd7 Nxe2+ 13. Nxe2 Nxd7 14. Nc3 Nb6 15. Re1 Bf6 16. Bf4 Rfe8 17. Rad1 Bxc3 18. bxc3 f6 19. Rxe8+ Rxe8 20. Bc7 Na4 21. Rxd5 b6 22. c4 Nc3 23. Rd3 Nxa2 24. Ra3 Nb4 25. Rxa7 Re2 26. Bxb6 Rxc2 27. Ra8+ Kf7 28. Ra7+ Kg6 29. Bxc5 Nd3 30. Bf8 Nxf2 31. Rxg7+ Kf5 32. Rxh7 Ng4 33. h3 Rc1+ 34.
Kg2 Ne3+ 35. Kf3 Nxc4 36. g4+ Kg6 37. Rg7+ Kh6 38. Kg3 Rc3+ 39. Kh4 Rc2 40. Rg5+ Kh7 41. Rf5 1-0

[Event "Late-Titled-Tuesday-Blitz-May-14-2024"]
[Site "Chess.com"]
[Date "2024.05.14"]
[Round "5"]
[White "Art10ECHR"]
[Black "Nouali_Mohamed"]
[Result "1-0"]
[WhiteElo "2493"]
[BlackElo "2608"]
[TimeControl "180+1"]
[EndTime "14:55:47 PDT"]
[Termination "Art10ECHR won on time"]

1. d4 Nf6 2. c4 g6 3. Nc3 Bg7 4. e4 d6 5. Be2 O-O 6. h4 h5 7. Nf3 Bg4 8. Be3 c5 9. d5 a6 10. a4 e6 11. dxe6 Bxe6 12. Ng5 Bc8 13. O-O Nc6 14.
Qd2 Ng4 15. Bxg4 Bxg4 16. f3 Bc8 17. Rad1 f6 18. Qd5+ Kh8 19. Nf7+ Rxf7 20. Qxf7 Ne5 21. Qd5 Qb6 22. Qxd6 Qxb2 23. Nd5 Nxc4 24. Qd8+ Kh7 25. Nxf6+ Bxf6 26. Qc7+ Bg7 27. Bxc5 Be6 28. Bd4 Qxd4+ 29.
Rxd4 Rc8 30. Qe7 Ne3 31. Qxe6 Rc2 32. Rd7 Rxg2+ 33. Kh1 Re2 34. Qf6 Nf5 35. exf5 Re7 36. Rxe7 1-0

[Event "Late-Titled-Tuesday-Blitz-May-14-2024"]
[Site "Chess.com"]
[Date "2024.05.14"]
[Round "5"]
[White "Hikaru"]
[Black "Ali_rastbod"]
[Result "1-0"]
[WhiteElo "3221"]
[BlackElo "2721"]
[TimeControl "180+1"]
[EndTime "14:55:52 PDT"]
[Termination "Hikaru won by resignation"]

1. h4 h5 2. e4 c6 3. d4 d5 4. e5 Bf5 5. Bd3 Bxd3 6. Qxd3 e6 7. Bg5 Qa5+ 8. Nd2 Qa6 9. c4 Nd7 10. Ngf3 Ne7 11. O-O Nf5 12. b3 Ba3 13. Qc2 O-O 14.
Rfd1 Rac8 15. Nf1 Rfe8 16. Ne3 Nxe3 17. Bxe3 Be7 18. Rac1 b6 19. Qd2 Nf8 20. Bg5 Ba3 21. Rc2 Ng6 22. g3 Qb7 23. Qe2 c5 24. cxd5 exd5 25.
Be3 cxd4 26. Bxd4 Rxc2 27. Qxc2 Qc8 28. Qd3 Qg4 29. Kh2 Rc8 30. Ng5 Nf8 31. Be3 Rd8 32. f3 Qd7 33. f4 Bc5 34. Bxc5 bxc5 35. f5 Qe7 36. e6 fxe6 37. fxe6 d4 38. Rf1 Rd5 39.
Rxf8+ Kxf8 40. Qf3+ Qf6 41. Nh7+ 1-0

[Event "Late-Titled-Tuesday-Blitz-May-14-2024"]
[Site "Chess.com"]
[Date "2024.05.14"]
[Round "5"]
[White "jefferyx"]
[Black "chessdjw"]
[Result "1-0"]
[WhiteElo "3085"]
[BlackElo "2765"]
[TimeControl "180+1"]
[EndTime "14:55:52 PDT"]
[Termination "jefferyx won on time"]

1. c4 Nf6 2. Nc3 e5 3. g3 Bb4 4. Bg2 O-O 5. e4 Bxc3 6. bxc3 c6 7. Nf3 Re8 8. O-O d5 9. cxd5 cxd5 10. exd5 Nxd5 11. Re1 Nc6 12. d4 exd4 13. Rxe8+ Qxe8 14. cxd4 Bf5 15. Qb3 Be4 16. Bd2 Nf6 17. Re1 Qd7 18. Bg5 Nxd4 19. Nxd4 Bxg2 20. Bxf6 gxf6 21. Kxg2 Qxd4 22. Qxb7 Rd8 23. Re7 Qd5+ 24. Qxd5 Rxd5 25. Rxa7 Rd2 26. g4 Kg7 27. Ra5 Kg6 28. a4 Ra2 29. h4 Ra3 30. h5+ Kg7 31. f3 Ra2+ 32. Kg3 Ra3 33. Kf4 Kh6 34. Ra7 Kg7 35. Ke4 Kh6 36.
Rxf7 Rxa4+ 37. Kf5 Ra5+ 38. Kxf6 Ra6+ 39. Kf5 Ra5+ 40.
Kf4 Ra4+ 41. Kg3 Rb4 42. Ra7 Rc4 43. Ra6+ Kg7 44. h6+ Kf7 45. f4 Rc1 46. Kh4 Rh1+ 47. Kg5 1-0

[Event "Late-Titled-Tuesday-Blitz-May-14-2024"]
[Site "Chess.com"]
[Date "2024.05.14"]
[Round "5"]
[White "shirovin"]
[Black "laskakid"]
[Result "0-1"]
[WhiteElo "2110"]
[BlackElo "2390"]
[TimeControl "180+1"]
[EndTime "14:55:52 PDT"]
[Termination "laskakid won on time"]

1. e4 d6 2. d4 Nf6 3. Nc3 e5 4. Nf3 Nbd7 5. g4 Nxg4 6. Rg1 Ngf6 7. Be3 g6 8. Bc4 Bg7 9. Qd2 c6 10. dxe5 dxe5 11. O-O-O Qe7 12. Bg5 O-O 13. h4 b5 14.
Bb3 b4 15. Ne2 h6 16. Bxh6 Nxe4 17. Qe3 Qc5 18. Bxg7 Qxe3+ 19. fxe3 Kxg7 20. h5 Ndc5 21. hxg6 fxg6 22. Nxe5 Nxb3+ 23. axb3 Rf6 24. Rd8 Bb7 25. Rgd1 Rxd8 26. Rxd8 Rf1+ 27. Rd1 Rxd1+ 28. Kxd1 Kf6 29. Nd3 a5 30. Ndf4 g5 31. Ng2 Ke5 32. c3 c5 33. cxb4 axb4 34. Ke1 Bd5 35. Ng1 Bxb3 36. Nf3+ Kf6 37. Nd2 Bd5 38. Nxe4+ Bxe4 39. Kf2 Bxg2 40.
Kxg2 Ke5 41. Kf2 Ke4 42. Ke2 c4 43. Kd2 g4 44. Ke2 g3 0-1

[Event "Late-Titled-Tuesday-Blitz-May-14-2024"]
[Site "Chess.com"]
[Date "2024.05.14"]
[Round "5"]
[White "A4RookA3"]
[Black "LUISMIGUELOV"]
[Result "1-0"]
[WhiteElo "2420"]
[BlackElo "2228"]
[TimeControl "180+1"]
[EndTime "14:55:53 PDT"]
[Termination "A4RookA3 won by resignation"]

1. e4 c6 2. d4 d5 3. e5 c5 4. Nf3 cxd4 5. Qxd4 Nc6 6. Qf4 e6 7.
Bd3 Qc7 8. O-O Nge7 9. Re1 Ng6 10. Qg3 Be7 11. h4 O-O 12. h5 Nh8 13. Bh6 g6 14. hxg6 Nxg6 15. Bxg6 fxg6 16. Bxf8 Bxf8 17. Nbd2 Bg7 18.
c4 dxc4 19. Nxc4 Bd7 20. Rad1 Rf8 21. Nd6 Ne7 22. Rc1 Bc6 23. Nd4 Nf5 24. N6xf5 exf5 25.
Ne6 Qb6 26. Nxf8 Bxf8 27. e6 Be7 28. Qb8+ Kg7 29. Qe5+ Bf6 30. Qd6 Qxb2 31. Rxc6 bxc6 32. e7 Bxe7 33. Qxe7+ Kg8 34. Qd8+ Kg7 35. Re7+ Kh6 36. Qf8+ Kh5 37. Rxh7+ Kg4 38. f3+ Kf4 39. Qd6+ Ke3 40.
Re7+ 1-0

[Event "Late-Titled-Tuesday-Blitz-May-14-2024"]
[Site "Chess.com"]
[Date "2024.05.14"]
[Round "5"]
[White "rasmussvane"]
[Black "Kildepiotr"]
[Result "1/2-1/2"]
[WhiteElo "2971"]
[BlackElo "2732"]
[TimeControl "180+1"]
[EndTime "14:55:54 PDT"]
[Termination "Game drawn by repetition"]

1. Nf3 d5 2. g3 Nf6 3. Bg2 Bf5 4. O-O c6 5. c4 e6 6. Qb3 Qb6 7. d3 Nbd7 8. cxd5 cxd5 9. Qxb6 Nxb6 10. Nc3 Be7 11.
Nb5 O-O 12. Bf4 a6 13. Nd6 Bxd6 14. Bxd6 Rfc8 15. Nd4 Bg6 16. f4 Na4 17. b3 Nc3 18.
Rfc1 Nb5 19. Nxb5 axb5 20. Rxc8+ Rxc8 21. a4 bxa4 22. bxa4 Bh5 23. e4 dxe4 24. dxe4 Be2 25. Rb1 Ba6 26. h3 h6 27. a5 Rc4 28. e5 Nd5 29.
Bxd5 exd5 30. f5 Re4 31. Kf2 d4 32. Kf3 Re3+ 33. Kf4 g5+ 34. fxg6 fxg6 35. Rd1 g5+ 36. Kf5 Bd3+ 37. Ke6 Bc4+ 38. Kd7 d3 39. Kc7 Bd5 40. h4 Kf7 41. hxg5 hxg5 42. Rf1+ Rf3 43. Rxf3+ Bxf3 44. Bb4 Ke6 45. Bd2 g4 46. Bf4 Bd5 47. Kb6 Be4 48.
Kc5 Bf5 49. Kd4 Bg6 50. Kc5 Bf5 51. Kd4 Bg6 52. Bd2 Bf5 53. Bf4 1/2-1/2

[Event "Late-Titled-Tuesday-Blitz-May-14-2024"]
[Site "Chess.com"]
[Date "2024.05.14"]
[Round "5"]
[White "grzechu96"]
[Black "AccioChess"]
[Result "1-0"]
[WhiteElo "2809"]
[BlackElo "2475"]
[TimeControl "180+1"]
[EndTime "14:55:54 PDT"]
[Termination "grzechu96 won on time"]

1. e4 e5 2. Nf3 Nc6 3. Bc4 Nf6 4.
d3 Be7 5. O-O O-O 6. a4 d6 7. a5 a6 8. h3 Be6 9. Bxe6 fxe6 10.
c3 Qe8 11. Qb3 Nd8 12. Be3 h6 13. Nbd2 Qg6 14. Rfe1 Nh5 15. d4 Nf4 16. Bxf4 exf4 17. d5 e5 18. Nxe5 dxe5 19. d6+ Rf7 20. dxe7 Nc6 21. Nf3 Rb8 22. e8=Q+ Rxe8 23. Qxb7 Nd8 24. Qd5 Qf6 25. b4 Kh7 26. b5 c6 27. bxc6 Nxc6 28.
Rab1 Rd8 29. Qc5 Qd6 30. Qxd6 Rxd6 31. Rb6 Rc7 32. Rxa6 Rd3 33. Rxc6 Rxc6 34. Nxe5 Rdxc3 35. Nxc6 Rxc6 36. Ra1 Ra6 37. Kf1 Kg6 38. Ke2 Kf6 39.
Kf3 Ke5 40. h4 h5 41. Ra2 g6 42. Ra3 Ra7 43. a6 1-0

[Event "Late-Titled-Tuesday-Blitz-May-14-2024"]
[Site "Chess.com"]
[Date "2024.05.14"]
[Round "5"]
[White "Dolphin_2010"]
[Black "cristianserban1"]
[Result "0-1"]
[WhiteElo "2616"]
[BlackElo "2503"]
[TimeControl "180+1"]
[EndTime "14:55:55 PDT"]
[Termination "cristianserban1 won on time"]

1. d4 Nf6 2. Bg5 d5 3. Bxf6 gxf6 4. c4 dxc4 5. e3 c5 6. Bxc4 cxd4 7. Nf3 Nc6 8. exd4 Bg4 9. d5 Qa5+ 10. Nc3 Rd8 11. Qe2 Nd4 12. Qe4 Nxf3+ 13. gxf3 Bd7 14. O-O b5 15. d6 bxc4 16. Nd5 Be6 17. Nc7+ Kd7 18. Nxe6 fxe6 19. Qb7+ Ke8 20. Qc6+ Kf7 21. dxe7 Bxe7 22. Qxc4 Qd5 23. Qc3 Rc8 24. Qe3 Bc5 25. Qe2 Rhg8+ 26. Kh1 Rg5 27. Rad1 Qb7 28. Rg1 Rcg8 29. Rxg5 Rxg5 30.
Qd3 Kg7 31. Qe2 Rf5 0-1

[Event "Late-Titled-Tuesday-Blitz-May-14-2024"]
[Site "Chess.com"]
[Date "2024.05.14"]
[Round "5"]
[White "SahaNeelash"]
[Black "EsmeraldasAnderson03"]
[Result "0-1"]
[WhiteElo "2703"]
[BlackElo "2532"]
[TimeControl "180+1"]
[EndTime "14:55:57 PDT"]
[Termination "EsmeraldasAnderson03 won by resignation"]

1. d4 d5 2. Bf4 e6 3. e3 Bd6 4. Bg3 Nf6 5. Nd2 O-O 6. Bd3 c5 7. c3 Qc7 8. Ngf3 Nbd7 9. Qe2 e5 10. dxe5 Nxe5 11. Nxe5 Bxe5 12. Nf3 Bxg3 13. hxg3 h6 14. O-O-O c4 15. Bc2 b5 16. Nd4 Rb8 17. f3 b4 18.
cxb4 Rxb4 19. g4 Re8 20. Qd2 a5 21. Qc3 Bd7 22. Bf5 Reb8 23. Rd2 a4 24. Bxd7 Nxd7 25.
Nf5 Ne5 26. f4 Rxb2 27. Rxb2 Nd3+ 28. Kd1 Nxb2+ 29. Ke2 f6 30. Rb1 a3 31. Qxa3 c3 32. Ne7+ Kh8 33. Rc1 Qc4+ 34. Kf3 Qe4+ 35. Kg3 Qxe3+ 36.
Kh4 Qxc1 37. Qd6 Re8 38. Ng6+ Kh7 39. Nf8+ Rxf8 40. Qxf8 Qxf4 41. Qc5 Nd1 42. Qxd5 Qg5+ 43. Qxg5 hxg5+ 44. Kg3 c2 0-1

[Event "Late-Titled-Tuesday-Blitz-May-14-2024"]
[Site "Chess.com"]
[Date "2024.05.14"]
[Round "5"]
[White "FabianoCaruana"]
[Black "Rsnr"]
[Result "1-0"]
[WhiteElo "3075"]
[BlackElo "2898"]
[TimeControl "180+1"]
[EndTime "14:55:58 PDT"]
[Termination "FabianoCaruana won by resignation"]

1. c4 Nf6 2. Nc3 e6 3. e4 d5 4. cxd5 exd5 5. e5 Ne4 6. Nf3 Be7 7. Be2 O-O 8. O-O c5 9. d4 Nxc3 10. bxc3 c4 11. Ne1 Bf5 12. Nc2 Nc6 13. Ne3 Be6 14. Rb1 Rb8 15. f4 f5 16. exf6 Bxf6 17. f5 Bf7 18. Ng4 b5 19. Bf4 Rb6 20. Ne5 Qc8 21. Bf3 Ne7 22. g4 h6 23. Qd2 b4 24. cxb4 Be8 25. a3 Ba4 26. Qc3 Qd8 27. Kg2 Re8 28. Rfe1 Nc8 29. Rb2 Rb5 30. Rbe2 Nd6 31. Ng6 Rxe2+ 32.
Rxe2 Ne4 33. Bxe4 dxe4 34. Rxe4 Rd5 35. Qxc4 Kh7 36. Be5 Rd7 37. Bxf6 gxf6 38. Qc5 Rc7 39. Re7+ Rxe7 40. Qxe7+ Qxe7 41. Nxe7 Kg7 42. Kf3 Kf7 43. Nc8 Bc6+ 44. Ke3 a6 45. Nb6 Ke7 46. d5 Bb7 47.
Kd4 Kd6 48. Nc4+ Kd7 49. Kc5 1-0